 Dungeon Crawl Stone Soup version 0.19-a0-1155-gb6eeeff (webtiles) character file.

20460 mmcf the Brawler (level 12, 0/123 HPs)
             Began as a Troll Monk on Aug 13, 2016.
             Was an Elder of Ru.
             Slain by a sheep (3 damage)
             ... on level 4 of the Lair of Beasts.
             The game lasted 00:37:37 (13357 turns).

mmcf the Brawler (Troll Monk)                      Turns: 13357, Time: 00:37:38

Health: 0/123      AC: 10    Str: 22    XL:     12   Next: 45%
Magic:  11/11      EV:  1    Int:  6    God:    Ru [****..]
Gold:   1147       SH:  0    Dex: 16    Spells: 0 memorised, 11 levels left

rFire  . . .     SeeInvis .       - Unarmed
rCold  . . .     Gourm    +     a - +1 robe
rNeg   + + +     Faith    +     (no shield)
rPois  ∞         Spirit   .     (helmet restricted)
rElec  .         Dismiss  .     r - +1 cloak
rCorr  .         Reflect  .     (gloves unavailable)
MR     .....     Harm     .     (boots unavailable)
Stlth  ..........               O - amulet of faith
                                S - ring of positive energy (curse)
                                s - +2 ring of protection

@: petrified
A: unfitting armour, claws 3, fast metabolism 3, gourmand, regeneration 2,
shaggy fur 1, tough skin 2, no stealth, inability to use devices, hated by all
a: Draw Out Power, Power Leap, Renounce Religion


You were on level 4 of the Lair of Beasts.
You worshipped Ru.
Ru was greatly pleased with you.
You were not hungry.

You visited 2 branches of the dungeon, and saw 15 of its levels.
You also visited: Ossuary and Volcano.

You collected 1147 gold pieces.

Inventory:

Hand Weapons
 y - a +0 flail of protection
 L - a +0 blowgun
Missiles
 f - 2 javelins (quivered)
 l - 45 poisoned needles
 M - 4 large rocks
Armour
 a - a +1 robe (worn)
 r - a +1 cloak (worn)
Jewellery
 e - an uncursed ring of protection from magic {unknown}
 s - a +2 ring of protection (left claw)
 O - an amulet of faith (around neck)
 S - a cursed ring of positive energy (right claw)
Scrolls
 j - 2 scrolls of remove curse
 n - 2 scrolls of magic mapping
 o - a scroll of holy word {unknown}
 p - 2 scrolls of fear {unknown}
 q - a scroll of recharging {unknown}
 w - 3 scrolls of teleportation
 C - 2 scrolls of fog
 H - a scroll of enchant weapon {unknown}
 R - a scroll of random uselessness {unknown}
Potions
 c - 4 potions of heal wounds
 d - 6 potions of curing
 h - a potion of might
 i - 2 potions of haste
 k - a potion of magic
 u - 10 potions of flight
 z - a potion of lignification
 D - 3 potions of agility
 G - a potion of resistance {unknown}
 K - a potion of brilliance {unknown}
 T - a potion of berserk rage {unknown}
Comestibles
 b - 9 bread rations
 g - 7 beef jerkies
 m - a slice of pizza
 A - 6 meat rations
 N - 11 royal jellies


   Skills:
 + Level 9.2 Fighting
 + Level 8.4 Dodging
 * Level 15.1 Unarmed Combat


You had 11 spell levels left.
You didn't know any spells.

Dungeon Overview and Level Annotations

Branches:
Dungeon (11/15)            Temple (0/1) D:7            Lair (4/6) D:9
 Spider (0/4) Lair:2          Orc (0/2) D:11
  Swamp: Lair:2-4    Shoals: Lair:2-4

Altars:
Dithmenos
Hepliaklqana
Kikubaaqudgha
Nemelex Xobeh
Pakellas
Qazlal
Ru
Sif Muna
Uskayaw
Vehumet
Yredelemnul

Shops:
D:8 (   D:10 (

Annotations:
D:7 exclusion: orange crystal statue
D:10 4 runed doors


Innate Abilities, Weirdness & Mutations

You are too large for most types of armour.
You have claws for hands.
Your metabolism is lightning-fast.
You like to eat raw meat.
You heal very quickly.
You are covered in fur. (AC +1)
You have very tough skin. (AC +2)
You cannot be stealthy.
You cannot study or use magical devices.
You are hated by all.


Message History

* * * LOW HITPOINT WARNING * * *
The blink frog blinks! x2; The wolf bites you but does no damage.
The sheep is stunned by your will and fails to attack.
The sheep bites you.
* * * LOW HITPOINT WARNING * * *
The blink frog hits you. The giant frog hits you.
* * * LOW HITPOINT WARNING * * *
The wolf bites you.
The blink frog begins to attack, but is stunned by your will!
The blink frog blinks!
The spiny frog stings you but does no damage.
The wolf bites you.
* * * LOW HITPOINT WARNING * * *
The wolf stops glowing.
The blink frog blinks!
The blink frog hits you.
* * * LOW HITPOINT WARNING * * *
The wolf bites you.
The giant frog hits you but does no damage.
The blink frog blinks!
The sheep bites you but does no damage. The sheep bites you.
You die... ##..§.....# ##>........# # ##.........P .. ##......F...
PP.

#.......YFP ....
#.....FYlh#.....
......YFYYh....#
......FF@hF...#
.......FYh..P##
.(..F..F§..###
....######## ...
..


You could see a death yak, a yak, a spiny frog, a basilisk, 8 blink frogs, 4
wolves, a giant frog and 4 sheep.

Vanquished Creatures
  Snorg (Lair:3)
  A death yak (Lair:2)
  The ghost of FrancescoMac the Fighter, a novice MiFi of the Shining One (D:7)
  The ghost of Aquadorian the Cruncher, a novice GrGl of Vehumet (D:8)
  An unseen horror (D:10)
  A lindwurm (Volcano)
  Pikel (D:6)
  An orb spider (Lair:2)
  3 molten gargoyles (Volcano)
  A gargoyle (Volcano)
  2 spiny frogs (Lair:1)
  The ghost of anele the Insei, a novice DsMo (D:4)
  5 komodo dragons
  A troll (D:10)
  A two-headed ogre (D:9)
  Prince Ribbit (D:6)
  A blink frog (Lair:4)
  A boulder beetle (Lair:1)
  18 yaks
  3 wyverns
  Eustachio (D:6)
  3 fire elementals (Volcano)
  2 hungry ghosts (D:11)
  6 hippogriffs
  Menkaure (D:6)
  4 water moccasins
  5 porcupines
  4 orc warriors
  2 ice beasts (D:10)
  2 phantoms
  4 slaves (D:6)
  A black bear (D:8)
  An eye of draining (D:9)
  5 ogres
  4 centaurs
  3 crocodiles
  3 big kobolds
  Blork the orc (D:5)
  5 giant frogs
  A wyvern zombie (D:7)
  A scorpion (D:4)
  A water moccasin skeleton (D:7)
  A troll zombie (D:11)
  5 wights (D:6)
  10 killer bees
  3 crimson imps
  5 jellies
  A giant frog zombie (D:10)
  2 hounds
  2 orc priests
  8 orc wizards
  4 centaur skeletons
  9 iguanas
  10 worker ants
  11 sheep
  5 ogre zombies (D:11)
  2 big kobold zombies (Ossuary)
  A hound zombie (D:7)
  A hound skeleton (D:7)
  8 mummies (Ossuary)
  6 gnolls (D:6)
  5 river rats (D:9)
  9 adders
  5 shadow imps
  6 oozes
  2 adder skeletons (D:8)
  2 worms
  4 dart slugs
  7 giant geckos
  21 orcs
  2 ball pythons (D:1)
  3 giant cockroaches
  10 goblins
  11 hobgoblins
  13 jackals
  A quokka (D:5)
  17 bats
  A giant gecko skeleton (D:7)
  5 giant newts
  4 goblin skeletons (D:11)
  A goblin zombie (D:11)
  3 hobgoblin skeletons (D:11)
  4 hobgoblin zombies (D:11)
  29 kobolds
  A kobold zombie (Ossuary)
  2 orc skeletons (D:11)
  13 orc zombies
  A quokka skeleton (D:9)
  18 rats
400 creatures vanquished.

Vanquished Creatures (others)
  A hydra (Lair:2)
  An iguana (D:7)
  An orc wizard (D:6)
3 creatures vanquished.

Grand Total: 403 creatures vanquished

Notes
Turn   | Place    | Note
-------+----------+-------------------------------------------
     0 | D:1      | mmcf the Troll Monk began the quest for the Orb.
     0 | D:1      | Reached XP level 1. HP: 22/22 MP: 0/0
   292 | D:1      | Reached XP level 2. HP: 29/29 MP: 1/1
   474 | D:2      | Found an ancient bone altar of Kikubaaqudgha.
   474 | D:2      | Noticed a human
   515 | D:1      | Reached skill level 4 in Unarmed Combat
   525 | D:1      | Reached XP level 3. HP: 29/36 MP: 2/2
  1285 | D:2      | Reached XP level 4. HP: 44/44 MP: 3/3
  1303 | D:2      | Reached skill level 5 in Unarmed Combat
  1938 | D:3      | Found a sacrificial altar of Ru.
  1947 | D:3      | Became a worshipper of Ru the Awakened
  1969 | D:3      | Gained mutation: You are hated by all. [Ru sacrifice]
  1969 | D:3      | Reached * piety under Ru
  2051 | D:3      | Noticed a centaur
  2064 | D:3      | Killed a centaur
  2064 | D:3      | Reached skill level 6 in Unarmed Combat
  2064 | D:3      | Reached XP level 5. HP: 10/50 MP: 4/4
  2435 | D:4      | Noticed anele's ghost (novice DsMo)
  2451 | D:4      | Killed anele's ghost
  2451 | D:4      | Reached skill level 7 in Unarmed Combat
  2451 | D:4      | Reached XP level 6. HP: 39/61 MP: 5/5
  2571 | D:4      | Reached XP level 7. HP: 67/67 MP: 6/6
  2692 | D:5      | Entered Level 5 of the Dungeon
  2837 | D:4      | Found a hide-covered altar of Uskayaw.
  3098 | D:4      | Found an ancient bone altar of Kikubaaqudgha.
  3098 | D:4      | Found a hazy altar of Hepliaklqana.
  3563 | D:5      | Reached skill level 8 in Unarmed Combat
  3610 | D:5      | Found a radiant altar of Vehumet.
  3685 | D:5      | Gained mutation: You cannot be stealthy. [Ru sacrifice]
  3878 | D:5      | Noticed Blork the orc
  3886 | D:5      | Killed Blork the orc
  4346 | D:6      | Reached XP level 8. HP: 72/78 MP: 7/7
  4400 | D:6      | Noticed Menkaure
  4418 | D:6      | Noticed Prince Ribbit
  4425 | D:6      | Reached skill level 9 in Unarmed Combat
  4600 | D:6      | Killed Prince Ribbit
  4712 | D:6      | Noticed Pikel
  4737 | D:6      | Killed Pikel
  4737 | D:6      | Reached skill level 5 in Fighting
  4737 | D:6      | Reached skill level 10 in Unarmed Combat
  4737 | D:6      | Reached XP level 9. HP: 33/88 MP: 8/8
  4954 | D:7      | Found a sand-covered staircase.
  4960 | D:7      | Noticed FrancescoMac's ghost (novice MiFi)
  4961 | D:7      | Found a staircase to the Ecumenical Temple.
  4964 | Ossuary  | Entered an ossuary
  5321 | D:7      | Killed FrancescoMac's ghost
  5390 | D:7      | Found a sparkling altar of Nemelex Xobeh.
  5591 | D:7      | Reached skill level 5 in Dodging
  5720 | D:7      | Reached skill level 11 in Unarmed Combat
  6476 | D:7      | Found an oddly glowing altar of Pakellas.
  6476 | D:7      | Noticed an orange crystal statue
  6578 | D:6      | Noticed Eustachio
  6589 | D:6      | Killed Eustachio
  6592 | D:6      | Reached XP level 10. HP: 80/98 MP: 9/9
  6702 | D:6      | Killed Menkaure
  7199 | D:8      | Found Yserink's Antique Weapon Emporium.
  7341 | D:8      | Found a shadowy altar of Dithmenos.
  7372 | D:8      | Noticed Aquadorian's ghost (novice GrGl)
  7386 | D:8      | Killed Aquadorian's ghost
  7432 | D:8      | Reached skill level 12 in Unarmed Combat
  8100 | D:9      | Found a staircase to the Lair.
  8158 | D:10     | Entered Level 10 of the Dungeon
  8446 | D:8      | Found a stormy altar of Qazlal.
  8446 | D:8      | Found a deep blue altar of Sif Muna.
  9049 | D:11     | Found a staircase to the Orcish Mines.
  9062 | D:11     | Reached XP level 11. HP: 99/109 MP: 10/10
  9120 | D:11     | Reached skill level 13 in Unarmed Combat
  9229 | D:10     | Found a huge runed gate.
  9229 | D:10     | Found a huge runed gate.
  9229 | D:10     | Found a huge runed gate.
  9229 | D:10     | Found a huge runed gate.
  9229 | D:10     | Noticed a death yak
  9527 | D:10     | Found Numil's Antique Weapon Boutique.
  9598 | D:10     | Killed an unseen horror
 10112 | Lair:1   | Entered Level 1 of the Lair of Beasts
 10119 | Lair:1   | Gained mutation: You cannot study or use magical devices. [Ru sacrifice]
 10119 | Lair:1   | Reached ** piety under Ru
 10119 | Lair:1   | Reached *** piety under Ru
 10119 | Lair:1   | Reached **** piety under Ru
 10337 | Lair:1   | Found a dark tunnel.
 10345 | Volcano  | Entered a volcano
 10467 | Volcano  | Noticed a lindwurm
 10486 | Volcano  | Killed a lindwurm
 10601 | Volcano  | Reached skill level 14 in Unarmed Combat
 10911 | Lair:2   | Found a basalt altar of Yredelemnul.
 12025 | Lair:2   | Reached XP level 12. HP: 110/122 MP: 11/11
 12200 | Lair:2   | Found a hole to the Spider Nest.
 12539 | Lair:3   | Noticed a death yak
 12539 | Lair:3   | Noticed a death yak
 12539 | Lair:3   | Noticed a death yak
 12539 | Lair:3   | Noticed a death yak
 12539 | Lair:3   | Noticed a death yak
 12546 | Lair:2   | Killed a death yak
 12680 | Lair:2   | Noticed a four-headed hydra
 12687 | Lair:2   | Killed a five-headed hydra
 13266 | Lair:3   | Noticed Snorg
 13273 | Lair:3   | Killed Snorg
 13273 | Lair:3   | Reached skill level 15 in Unarmed Combat
 13349 | Lair:4   | Noticed a death yak
 13356 | Lair:4   | HP: 6/123 [sheep (2)]
 13357 | Lair:4   | Slain by a sheep

Vault maps used:
D:1:      dpeg_arrival_ternary, st_stairs_3, minmay_cut_off
D:2:      minmay_wonky_spiral, tgw_kikubaaqudgha
D:3:      first_bread, nicolae_ru_sacrificial_ziggurat
D:4:      kennysheep_little_box, gammafunk_temple_overflow_wave,
          minmay_misc_feat_nine_boxes
D:5:      vehumet_altar_wand_db, uniq_blork_the_orc
D:6:      uniq_menkaure, uniq_eustachio, uniq_pikel, uniq_prince_ribbit1
D:7:      lemuel_round_altar, gammafunk_pakellas_statue_experiment,
          nicolae_ossuary_entry_ruins
D:8:      nicolae_overflow_hidden_temple, serial_shops, shop
D:9:      grunt_lair_entry_orc_guard_hut, hangedman_little_slice_of_home
D:10:     lemuel_bear_cage, serial_shops,
          nicolae_shop_competitors_out_of_business
D:11:     zombieorc2_lemuel, serial_shops, nicolae_shop_trees, elyvilon_altar_1
Lair:1:   nicolae_volcano_entry_s_turn
Lair:2:   nicolae_spider_entry_orb_guardian, basic_altar
Lair:3:   minmay_swamp_entry_worms, grunt_megastairs_5, uniq_rupert,
          uniq_nergalle, uniq_snorg
Lair:4:   beast_lair_carwin_large_4, hangedman_lair_generics_rect,
          serial_bayou_shore_a
Ossuary:  ossuary_tomb_3
Volcano:  volcano_aerie

Skill      XL: |  1  2  3  4  5  6  7  8  9 10 11 12 |
---------------+-------------------------------------+-----
Unarmed Combat | 4 6 7 8 10 11 12 14 15 | 15.1
Fighting       | 3 4 5 6 7 8 9 |  9.2
Stealth        | 0 |  0.0
Dodging        | 3 4 5 6 7 8 |  8.4

Action                   |  1- 3 |  4- 6 |  7- 9 | 10-12 || total
-------------------------+-------+-------+-------+-------++-------
Melee: Unarmed           |   131 |   115 |   333 |   594 ||  1173
       Punch             |     2 |     3 |    12 |    43 ||    60
       Flail             |       |       |       |     1 ||     1
Throw: Javelin           |       |       |       |     2 ||     2
Invok: Sacrifice Love    |       |     1 |       |       ||     1
       Sacrifice Stealth |       |       |     1 |       ||     1
       Reject Sacrifices |       |       |     1 |       ||     1
       Sacrifice Artific |       |       |       |     1 ||     1
       Power Leap        |       |       |       |     1 ||     1
  Use: Scroll            |       |     6 |     5 |    12 ||    23
       Potion            |       |       |       |     2 ||     2
 Stab: Sleeping          |     4 |     2 |     3 |       ||     9
       Distracted        |       |       |       |     1 ||     1
       Paralysed         |       |       |       |     4 ||     4
       Invisible         |       |       |       |     1 ||     1
       Held in net/web   |       |       |       |     1 ||     1
  Eat: Chunk             |    17 |    11 |    33 |    67 ||   128
Armor: Robe              |    45 |    43 |    92 |   139 ||   319
Dodge: Dodged            |    69 |    47 |   139 |   294 ||   549
